 Dungeon Crawl Stone Soup version 0.26-a0-651-gb41185065b (webtiles) character file.

Game seed: 1907275172374417227

10269 Lanoc the Slinger (level 11, 0/80 HPs)
             Began as a Halfling Hunter on Oct 16, 2020.
             Was an Elder of Qazlal.
             Slain by an unseen horror (6 damage)
             ... on level 10 of the Dungeon.
             The game lasted 00:24:58 (11480 turns).

Lanoc the Slinger (Halfling Hunter)                Turns: 11480, Time: 00:24:59

Health: 0/80       AC:  9    Str: 12 (13) XL:     11   Next: 89%
Magic:  11/11      EV: 21    Int: 17      God:    Qazlal [****..]
Gold:   422        SH: 12    Dex: 18 (19) Spells: 8/10 levels left

rFire    + . .     SeeInvis .   u - +0 hand axe (vamp)
rCold    + . .     Faith    .   F - +0 buckler
rNeg     . . .     Spirit   .   G - +4 ring mail of the True Pharaoh {rC- rCorr Int+8 Dex+2}
rPois    .         Reflect  .   (no helmet)
rElec    .         Harm     .   v - scarf {rC+ rF+}
rCorr    +         Rampage  .   (no gloves)
MR       +....                  (no boots)
Stlth    ..........             (no amulet)
HPRegen  0.23/turn              h - ring of protection from magic
MPRegen  0.12/turn              y - ring of protection from cold

@: silence (expiring), repel missiles
A: small, talons 1, clumsy 1, mutation resistance 1, sense surroundings 1, no
potion heal 1
a: Renounce Religion


You were on level 10 of the Dungeon.
You worshipped Qazlal.
Qazlal was greatly pleased with you.
You visited 2 branches of the dungeon, and saw 11 of its levels.
You also visited: Ossuary.

You collected 674 gold pieces.
You spent 252 gold pieces at shops.

Inventory:

Hand Weapons
 a - a +1 hunting sling
 b - a +3 quarterstaff of chaos
 u - a +0 vampiric hand axe (weapon)
Armour
 v - a scarf of resistance (worn)
 D - a +1 cloak
 F - a +0 buckler (worn)
 G - the +4 ring mail of the True Pharaoh (worn) {rC- rCorr Int+8 Dex+2}
   (You took it off an orc on level 7 of the Dungeon)

   It affects your intelligence (+8).
   It affects your dexterity (+2).
   It makes you vulnerable to cold.
   It provides partial protection from all sources of acid and corrosion.
Jewellery
 h - a ring of protection from magic (left hand)
 y - a ring of protection from cold (right hand)
 Q - an uncursed ring of protection from fire {unknown}
Wands
 q - a wand of polymorph (12)
 r - a wand of paralysis (3)
 s - a wand of digging (5)
Scrolls
 e - 5 scrolls of enchant armour
 f - 5 scrolls of magic mapping
 j - 2 scrolls of teleportation
 k - 8 scrolls of identify
 l - 9 scrolls of remove curse
 t - 3 scrolls of amnesia
 A - a scroll of enchant weapon
 J - a scroll of random uselessness {unknown}
 N - a scroll of blinking {unknown}
 P - a scroll of fear
Potions
 c - a potion of cancellation
 g - 2 potions of invisibility
 n - 6 potions of curing
 x - 2 potions of stabbing
 z - a potion of might
 B - a potion of resistance
 C - a potion of brilliance
 H - 2 potions of lignification
 M - 2 potions of haste
Miscellaneous
 K - a lightning rod (inert)
 O - a condenser vane (inert)


   Skills:
 + Level 9.6 Fighting
 - Level 12.0 Slings
 + Level 11.2 Dodging
 - Level 1.1 Stealth
 - Level 5.6 Shields
 - Level 6.0 Translocations


You had 8 spell levels left.
You knew the following spells:

 Your Spells              Type           Power        Failure   Level
a - Blink                 Tloc           N/A          7%          2

Your spell library contained the following spells:

 Spells                   Type           Power        Failure   Level
 Beastly Appendage        Tmut           #.....       47%         1
 Corona                   Hex            #......      47%         1
 Magic Dart               Conj           #...         47%         1
 Call Imp                 Summ           #.......     63%         2
 Ensorcelled Hibernation  Hex/Ice        #.....       63%         2
 Slow                     Hex            #.......     63%         2
 Wereblood                Tmut           #.......     63%         2
 Confusing Touch          Hex            #.......     85%         3
 Conjure Flame            Conj/Fire      #.......     85%         3
 Dazzling Flash           Conj/Hex       #.....       85%         3
 Mephitic Cloud           Conj/Pois/Air  #.......     85%         3
 Spider Form              Tmut/Pois      #.........   85%         3
 Tukima's Dance           Hex            #.......     85%         3
 Ice Form                 Ice/Tmut       #.......     99%         4
 Blade Hands              Tmut           #.........   100%        5
 Bolt of Magma            Conj/Fire/Erth #.........   100%        5
 Iskenderun's Battlesphe  Conj           #.......     100%        5
 Iron Shot                Conj/Erth      #.........   100%        6
 Orb of Destruction       Conj           #.........   100%        7
 Spellforged Servitor     Conj/Summ      #.........   100%        7


Dungeon Overview and Level Annotations

Branches:
Dungeon (10/15)            Temple (1/1) D:6            Lair (0/6) D:10
Ossuary (visited)
    Orc: D:9-12

Altars:
Ashenzari
Cheibriados
Dithmenos
Elyvilon
Fedhas
Gozag
Hepliaklqana
Kikubaaqudgha
Makhleb
Nemelex Xobeh
Okawaru
Qazlal
Ru
Sif Muna
Trog
Uskayaw
Vehumet
Wu Jian
Xom
Yredelemnul
Zin
The Shining One

Shops:
D:8 !

Annotations:
D:9 2 transporters


Innate Abilities, Weirdness & Mutations

You are small and have problems with some larger weapons.
You are somewhat resistant to further mutation.
You have sharp toenails.
You are clumsy. (Dex -2)
You passively map a small area around you.
Potions are less effective at restoring your health.


Message History

You feel extremely strange.
You feel healthier.
You feel stronger.
You feel robust.
Your system partially rejects the healing effects of potions.
Something misses you. Something hits you.
* * * LOW HITPOINT WARNING * * *
You feel a sense of dread.
u - a +0 vampiric hand axe (weapon)
Something hits you.
* * * LOW HITPOINT WARNING * * *
You hit something.
You feel better. You block something's attack. Something hits you!
* * * LOW HITPOINT WARNING * * *
You swing at nothing.
Lightning from the thunderstorm strikes something you cannot see.
Something hits you but does no damage. You block something's attack. x2
You miss something. You claw something. Something hits you!
* * * LOW HITPOINT WARNING * * *
You swing at nothing.
Something hits you.
You die... "Boring in life, boring in death..."

#>.........††)..).[.[##.#
###.....[...)<####.#.##.#*
.........[######
#......#.. ###......÷###
###(...'.. ...........(#
#..###.. , ####........#
#..# . ** , #.....☼..#
#... , * #......○°# ###
#.#.# , , ,,
#.....°.@####<####.#.. ,
#####'###((.....##.##.# ,,
##(..# #.§.....##.. .. *
##..(## #.......##. ...
*##..(..###(.....(#*, ,, ,
, , #.......##....(..#*, *
, ,##.......#......### ,
#..........(...(# , ,
##...............# ,


There were no monsters in sight!

Vanquished Creatures
  Erolcha (D:9)
  A two-headed ogre (D:8)
  Grinder (D:5)
  A hippogriff (D:7)
  3 wraiths
  Sigmund (D:5)
  15 yaks
  4 fire bats (D:9)
  3 wargs (D:10)
  Duvessa (D:7)
  A porcupine (D:4)
  A hell hound (D:9)
  An ice beast (D:7)
  4 sky beasts
  4 orc warriors
  An ogre (D:8)
  4 centaurs
  2 crocodiles (D:10)
  A big kobold (D:8)
  6 bullfrogs
  Dowan (D:7)
  2 scorpions
  9 killer bees
  16 wights
  2 lava snakes (D:9)
  4 bullfrog zombies
  A centaur zombie (D:10)
  4 hounds
  4 jellies
  7 orc wizards
  2 bullfrog skeletons
  4 orc priests
  Crazy Yiuf (D:6)
  A centaur skeleton (D:8)
  Ijyb (D:3)
  5 iguanas
  5 worker ants
  A hound zombie (D:9)
  12 gnolls
  10 adders
  2 shadow imps
  2 white imps
  5 ufetubi
  2 oozes
  An adder zombie (D:7)
  2 worms
  6 leopard geckos
  36 orcs
  7 giant cockroaches
  2 hobgoblins (D:2)
  4 jackals
  3 quokkas
  A ball python (D:4)
  2 ball python skeletons (Ossuary)
  9 bats
  6 goblins
  A hobgoblin skeleton (Ossuary)
  3 hobgoblin zombies (Ossuary)
  A jackal zombie (D:6)
  6 kobolds
  An orc skeleton (Ossuary)
  An orc zombie (Ossuary)
  7 rats
  3 fire vortices (D:9)
261 creatures vanquished.

Vanquished Creatures (others)
  An orc wizard (D:8)
  5 plants
6 creatures vanquished.

Grand Total: 267 creatures vanquished

Notes
Turn   | Place    | Note
-------+----------+-------------------------------------------
     0 | D:1      | Lanoc the Halfling Hunter began the quest for the Orb.
     0 | D:1      | Reached XP level 1. HP: 14/14 MP: 1/1
   144 | D:1      | Reached skill level 6 in Slings
   184 | D:1      | Reached XP level 2. HP: 19/19 MP: 2/2
   492 | D:2      | Reached XP level 3. HP: 24/24 MP: 3/3
   834 | D:2      | Found a sacrificial altar of Ru.
  1061 | D:3      | Noticed Ijyb
  1087 | D:3      | Killed Ijyb
  1087 | D:3      | Reached skill level 7 in Slings
  1087 | D:3      | Reached XP level 4. HP: 29/30 MP: 4/4
  1225 | D:3      | Found a faded altar of an unknown god.
  1249 | D:3      | Became a worshipper of Xom of Chaos
  1423 | D:3      | XOM: divination: detect creatures
  1571 | D:3      | XOM: silly message
  1876 | D:4      | XOM: divination: magic mapping
  1881 | D:4      | Reached XP level 5. HP: 32/35 MP: 5/5
  1981 | D:4      | Reached skill level 8 in Slings
  1981 | D:4      | Reached XP level 6. HP: 28/41 MP: 6/6
  2196 | D:4      | Found a snail-covered altar of Cheibriados.
  2329 | D:4      | XOM: silly message
  2473 | D:4      | Noticed Edmund
  2475 | D:4      | XOM: potion effect (berserk rage)
  2489 | D:4      | XOM: cast spell 'Disjunction'
  2492 | D:4      | Noticed Edmund
  2492 | D:4      | Edmund changed into Edmund the porcupine
  2492 | D:4      | XOM: polymorph Edmund -> Edmund the porcupine
  2494 | D:4      | Killed Edmund the porcupine
  2608 | D:4      | XOM: silly message
  2671 | D:5      | Entered Level 5 of the Dungeon
  2889 | D:5      | Reached skill level 9 in Slings
  2889 | D:5      | Reached XP level 7. HP: 39/46 MP: 7/7
  2951 | D:5      | Noticed Grinder
  2952 | D:5      | XOM: silly message
  2978 | D:5      | XOM: potion effect (stabbing)
  2991 | D:5      | Killed Grinder
  3006 | D:5      | XOM: divination: detect items
  3009 | D:5      | XOM: potion effect (haste)
  3011 | D:5      | XOM: noise
  3018 | D:5      | Reached skill level 10 in Slings
  3032 | D:5      | Reached skill level 5 in Dodging
  3032 | D:5      | Reached XP level 8. HP: 26/54 MP: 8/8
  3040 | D:5      | Noticed Sigmund
  3059 | D:5      | Gained mutation: You have sharp toenails. [potion of
                  | mutation]
  3070 | D:5      | Killed Sigmund
  3144 | D:5      | XOM: silly message
  3370 | D:5      | Reached skill level 11 in Slings
  3433 | D:5      | XOM: silly message
  3904 | D:6      | Found a staircase to the Ecumenical Temple.
  3933 | Temple   | Entered the Ecumenical Temple
  4146 | Temple   | Fell from the grace of Xom
  4146 | Temple   | Became a worshipper of Qazlal Stormbringer
  4517 | D:6      | Found a runed translucent door.
  4518 | D:6      | Noticed Crazy Yiuf
  4652 | D:6      | Killed Crazy Yiuf
  4689 | D:6      | XOM: summons 5 hostile demons
  4828 | D:7      | Reached skill level 5 in Fighting
  4833 | D:7      | Reached XP level 9. HP: 49/61 MP: 9/9
  4895 | D:7      | Found a sand-covered staircase.
  4900 | Ossuary  | Entered an ossuary
  4996 | Ossuary  | Reached skill level 12 in Slings
  5618 | D:7      | Reached * piety under Qazlal
  5672 | D:7      | XOM: give mutations
  5672 | D:7      | Gained mutation: You are clumsy. (Dex -2) [Xom's mischief]
  5672 | D:7      | Gained mutation: You are frail. (-10% HP) [Xom's mischief]
  5781 | D:7      | Noticed a hippogriff
  5808 | D:7      | Killed a hippogriff
  5842 | D:7      | Reached XP level 10. HP: 21/63 MP: 10/10
  5916 | D:7      | XOM: 3-stop teleportation journey
  6158 | D:7      | Noticed Dowan
  6173 | D:7      | Killed Dowan
  6173 | D:7      | Noticed Duvessa
  6191 | D:7      | Killed Duvessa
  6462 | D:7      | Identified the +4 ring mail of the True Pharaoh {rC- rCorr
                  | Int+8 Dex+2}
  6622 | D:7      | Reached skill level 1 in Shields
  7001 | D:7      | Found an opulent altar of Gozag.
  7062 | D:7      | XOM: give mutations
  7062 | D:7      | Lost mutation: You are clumsy. (Dex -2) [Xom's mischief]
  7062 | D:7      | Gained mutation: You passively map a small area around you.
                  | [Xom's mischief]
  7062 | D:7      | Gained mutation: You are weak. (Str -2) [Xom's mischief]
  7062 | D:7      | Gained mutation: You are clumsy. (Dex -2) [Xom's mischief]
  7097 | D:7      | XOM: give mutation
  7097 | D:7      | Gained mutation: Your body sometimes deteriorates upon
                  | taking damage. [Xom's mischief]
  7101 | D:7      | Learned a level 2 spell: Blink
  7164 | D:8      | Noticed a two-headed ogre
  7313 | D:8      | Found a broken altar of Ashenzari.
  7418 | D:8      | Reached skill level 1 in Translocations
  7540 | D:8      | Killed a two-headed ogre
  7598 | D:8      | XOM: god gift: lightning rod (4/4)
  7718 | D:8      | Reached ** piety under Qazlal
  7876 | D:8      | Found an ornate altar of the Wu Jian Council.
  7903 | D:8      | Found Zuni's Distillery.
  7911 | D:8      | Bought a potion of heal wounds for 70 gold pieces
  7911 | D:8      | Bought a potion of curing for 42 gold pieces
  7911 | D:8      | Bought a potion of haste for 140 gold pieces
  8306 | D:8      | Found a sparkling altar of Nemelex Xobeh.
  8930 | D:9      | Noticed Erolcha
  8948 | D:9      | Killed Erolcha
  8948 | D:9      | Reached skill level 10 in Dodging
  8948 | D:9      | Reached XP level 11. HP: 60/70 MP: 11/11
  9096 | D:9      | Reached skill level 5 in Shields
  9397 | D:9      | Reached skill level 5 in Translocations
  9400 | D:9      | Reached *** piety under Qazlal
  9631 | D:9      | Noticed a wolf spider
  9632 | D:9      | Found a transporter.
  9632 | D:9      | Found a burning altar of Makhleb.
  9633 | D:9      | Noticed a centaur warrior
  9643 | D:9      | Noticed a two-headed ogre
  9690 | D:9      | XOM: confusion (+ monsters)
 10068 | D:9      | Found a transporter.
 10204 | D:9      | XOM: noise
 10418 | D:10     | Entered Level 10 of the Dungeon
 10515 | D:10     | XOM: silly message
 10519 | D:10     | Reached **** piety under Qazlal
 11064 | D:10     | Found a staircase to the Lair.
 11092 | D:10     | XOM: cloud trail
 11321 | D:9      | XOM: noise
 11475 | D:10     | Lost mutation: Your body sometimes deteriorates upon taking
                  | damage. [potion of mutation]
 11475 | D:10     | Lost mutation: You are weak. (Str -2) [potion of mutation]
 11475 | D:10     | Lost mutation: You are frail. (-10% HP) [potion of
                  | mutation]
 11475 | D:10     | Gained mutation: Potions are less effective at restoring
                  | your health. [potion of mutation]
 11480 | D:10     | Slain by an unseen horror

Illustrated notes

Levels and vault maps discovered:
D:1:      lemuel_arrival_funnel, layout_loops_ring
D:2:      layout_rooms, nicolae_ru_path_of_blood, serial_forest,
          infiniplex_forest_clump_curved, infiniplex_forest_clump_C,
          infiniplex_forest_clump_curved, infiniplex_forest_clump_diagonal,
          infiniplex_forest_clump_large, infiniplex_forest_straight_3,
          kennysheep_generic_room_4
D:3:      layout_basic, chequers_ecumenical_altar_island, nrook_mini_vaults,
          uniq_ijyb
D:4:      layout_basic, lemuel_crystal_altar, uniq_edmund
D:5:      layout_loops_cross, chequers_serial_rivers_room_b, uniq_sigmund,
          uniq_grinder
D:6:      layout_basic, temple_fountains, minmay_crystal_water,
          uniq_crazy_yiuf_cottage
D:7:      minmay_chambers_of_sevens, layout_basic, enter_ossuary_2,
          nicolae_gozag_cash_rules_everything_around_me, uniq_duvessa
D:8:      layout_loops_ring, lemuel_coloured_pillars_altar,
          nicolae_overflow_crystal_walls, kennysheep_mini, serial_shops,
          nicolae_shop_trees
D:9:      layout_loops_ring, gammafunk_temple_overflow_arena,
          hangedman_incinerator, uniq_erolcha
D:10:     layout_basic, erik_lair_orcish_takeover
Temple:   regret_index_temple_sphere_string

Skill      XL: |  1  2  3  4  5  6  7  8  9 10 11 |
---------------+----------------------------------+-----
Slings         | 6 7 8 9 10 11 12 | 12.0
Fighting       | 2 3 4 5 7 8 9 |  9.6
Dodging        | 3 4 5 6 8 10 11 | 11.2
Shields        | 4 5 |  5.6
Translocations | 4 6 |  6.0
Stealth        | |  1.1

Action                   |  1- 3 |  4- 6 |  7- 9 | 10-12 || total
-------------------------+-------+-------+-------+-------++-------
Melee: Short sword       |       |     5 |     1 |       ||     6
       Kick              |       |       |     1 |    20 ||    21
       Quarterstaff      |       |       |       |    41 ||    41
       Hunting sling     |       |       |       |     3 ||     3
       Hand axe          |       |       |       |     2 ||     2
 Fire: Hunting sling     |    83 |   162 |   435 |   991 ||  1671
Evoke: Wand              |       |       |       |    37 ||    37
       Lightning rod     |       |       |       |     4 ||     4
       Condenser vane    |       |       |       |     2 ||     2
  Use: Scroll            |       |       |    12 |     3 ||    15
       Potion            |       |       |     9 |     4 ||    13
Armor: Leather armour    |     7 |     5 |       |       ||    12
       Ring mail         |       |     3 |    43 |    86 ||   132
       Skin              |       |       |     2 |       ||     2
Dodge: Dodged            |    23 |    45 |   141 |   334 ||   543
Block: Other             |       |       |     1 |    13 ||    14
       Buckler           |       |       |       |   190 ||   190

Table legend: (Time is in decaauts)
 A = Elapsed time spent in this place.
 B = Non-inter-level travel time spent in this place.
 C = Inter-level travel time spent in this place.
 D = Time resting spent in this place.
 E = Time spent auto-exploring this place.
 F = Levels seen in this place.
 G = Mean time per level.
                   A        B        C        D        E       F      G
               +--------+--------+--------+--------+--------+-----+--------+
         Total |  10956 |  10597 |    359 |    451 |   7879 |  12 |  913.0 |
       Dungeon |  10046 |   9711 |    335 |    431 |   7228 |  10 | 1004.6 |
        Temple |    238 |    214 |     24 |      0 |    140 |   1 |  238.0 |
       Ossuary |    671 |    671 |      0 |     20 |    511 |   1 |  671.0 |
               +--------+--------+--------+--------+--------+-----+--------+

Top non-repeatable levels by time:
     D:9: 1990 daAuts
     D:7: 1661 daAuts
     D:8: 1382 daAuts
     D:5: 1023 daAuts
     D:4: 981 daAuts
     D:6: 785 daAuts
     D:3: 750 daAuts
 Ossuary: 671 daAuts
     D:2: 584 daAuts
    D:10: 546 daAuts
     D:1: 342 daAuts
  Temple: 238 daAuts
